 Dungeon Crawl Stone Soup version 0.24.0-13-gcf9b319 (webtiles) character file.

Game seed: 6479061267442496769, levelgen mode: deterministic

65 EndlessMike the Twirler (level 3, 0/27 HPs)
             Began as a Demonspawn Wanderer on Apr 13, 2020.
             Slain by an ooze (3 damage)
             ... on level 2 of the Dungeon.
             The game lasted 00:02:18 (1770 turns).

EndlessMike the Twirler (Demonspawn Wanderer)       Turns: 1770, Time: 00:02:19

Health: 0/27       AC:  2    Str: 10    XL:     3   Next: 92%
Magic:  4/4        EV:  6    Int: 14    God:
Gold:   64         SH: 10    Dex: 14    Spells: 4/4 levels left

rFire    . . .     SeeInvis .   m - +0 spear
rCold    . . .     Gourm    .   n - +0 large shield
rNeg     . . .     Faith    .   d - +0 robe
rPois    .         Spirit   .   (no helmet)
rElec    .         Reflect  .   (no cloak)
rCorr    .         Harm     .   (no gloves)
MR       .....                  (no boots)
Stlth    ++........             (no amulet)
HPRegen  0.09/turn              k - ring of stealth
MPRegen  0.09/turn              (no ring)

@: no status effects
A: talons 1, demonic guardian 1
a: no special abilities


You were on level 2 of the Dungeon.
You were hungry.

You visited 1 branch of the dungeon, and saw 2 of its levels.

You collected 64 gold pieces.

Inventory:

Hand Weapons
 a - a +0 quarterstaff
 m - a +0 spear (weapon)
Armour
 c - a +0 shield
 d - a +0 robe (worn)
 n - a +0 large shield (worn)
Jewellery
 k - a ring of stealth (left hand)
Scrolls
 e - a scroll of immolation {unknown}
 h - a scroll of identify {unknown}
 l - a scroll of fog {unknown}
Potions
 g - a potion of curing
 i - a potion of lignification {unknown}
 j - a potion of might {unknown}
Miscellaneous
 b - a phial of floods
Comestibles
 f - a ration


   Skills:
 - Level 2.0 Fighting
   Level 1.0 Long Blades
 + Level 3.3 Staves
 - Level 1.0 Shields
 - Level 1.0 Spellcasting
   Level 1.1 Necromancy
   Level 2.6 Transmutations
 - Level 1.0 Evocations


You had 4 spell levels left.
You didn't know any spells.
Your spell library was empty.

Dungeon Overview and Level Annotations

Branches:
Dungeon (2/15)

Altars:


Innate Abilities, Weirdness & Mutations

You have sharp toenails.
A weak demonic guardian rushes to your aid.


Message History

You feel sick.
The ooze quivers.
It was a potion of curing.
You feel better.
The frilled lizard hisses.
You miss the frilled lizard. The ooze hits you.
You block the frilled lizard's attack. You block the ooze's attack.
You closely miss the frilled lizard. Your kick misses the frilled lizard.
The frilled lizard bites you.
* * * LOW HITPOINT WARNING * * *
You block the ooze's attack. The frilled lizard bites you.
* * * LOW HITPOINT WARNING * * *
You miss the frilled lizard. Your kick misses the frilled lizard.
The ooze hits you.
* * * LOW HITPOINT WARNING * * *
The frilled lizard bites you.
* * * LOW HITPOINT WARNING * * *
You hit the frilled lizard.
You kill the frilled lizard!
The ooze hits you.
You die...

......#.#....#####
#.# #####.#.#....#
#.#
......#.#.#######
#.#
#####.#..........
#.#
..........#######
#g# ##.........#
#.######
#....####.#
#......# #[...#
.#..######......#
#....#
.#...J@†g.......#
#....#
.##.######......#
(...... ..
#......# ###.##
#......# ########


You could see an ooze and a hobgoblin.

Vanquished Creatures
  A gnoll (D:1)
  An adder (D:2)
  2 oozes (D:1)
  A dart slug (D:1)
  A ball python (D:1)
  2 bats
  4 goblins (D:1)
  3 hobgoblins (D:1)
  8 jackals (D:1)
  2 frilled lizards
  4 kobolds (D:1)
  6 rats
35 creatures vanquished.

Notes
Turn   | Place    | Note
-------+----------+-------------------------------------------
     0 | D:1      | EndlessMike the Demonspawn Wanderer began the quest for the
                  | Orb.
     0 | D:1      | EndlessMike set off with the following items: a +0
                  | quarterstaff, a phial of floods, a +0 shield, a +0 robe, a
                  | ration
     0 | D:1      | Reached XP level 1. HP: 16/16 MP: 2/2
    15 | D:1      | Reached skill level 1 in Staves
   287 | D:1      | Gained mutation: You have sharp toenails. [demonic
                  | ancestry]
   287 | D:1      | Reached XP level 2. HP: 21/22 MP: 3/3
   381 | D:1      | Reached skill level 2 in Staves
   895 | D:1      | Gained mutation: A weak demonic guardian rushes to your
                  | aid. [demonic ancestry]
   895 | D:1      | Reached XP level 3. HP: 22/27 MP: 4/4
  1174 | D:1      | Reached skill level 3 in Staves
  1770 | D:2      | Slain by an ooze

Levels and vault maps discovered:
D:1:      matt_arrival_grand_opening, layout_loops_ring
D:2:      layout_basic, first_ration, minmay_misc_feat_square, uniq_terence

Skill      XL: |  1  2  3 |
---------------+----------+-----
Staves         | 1 2 3 |  3.3
Fighting       | |  2.0
Long Blades    | |  1.0
Shields        | |  1.0
Spellcasting   | |  1.0
Necromancy     | |  1.1
Transmutations | |  2.6
Evocations     | |  1.0

Action                   || total
-------------------------++-------
Melee: Quarterstaff      ||    76
       Kick              ||    15
       Spear             ||    31
  Use: Potion            ||     1
 Stab: Sleeping          ||     4
  Eat: Chunk             ||     2
Armor: Robe              ||    31
Dodge: Dodged            ||    66
Block: Large shield      ||    19
